 Dungeon Crawl Stone Soup version 0.25-a0-782-g655279ceaa (webtiles) character file.

Game seed: 16146343294437412307, levelgen mode: deterministic

98 tilp the Bolt Thrower (level 5, -3/29 HPs)
             Began as a Kobold Arcane Marksman on Apr 17, 2020.
             Was an Initiate of Okawaru.
             Slain by an iguana (11 damage)
             ... on level 3 of the Dungeon.
             The game lasted 00:07:06 (3212 turns).

tilp the Bolt Thrower (Kobold Arcane Marksman)      Turns: 3212, Time: 00:07:07

Health: -3/29      AC: 10    Str:  8    XL:     5   Next: 0%
Magic:  6/6        EV: 15    Int: 14    God:    Okawaru [......]
Gold:   196        SH:  0    Dex: 16    Spells: 3/6 levels left

rFire    . . .     SeeInvis .   b - +2 dagger (protect)
rCold    . . .     Gourm    .   (shield restricted)
rNeg     . . .     Faith    .   e - +0 robe
rPois    .         Spirit   .   (no helmet)
rElec    .         Reflect  .   (no cloak)
rCorr    .         Harm     .   m - +0 pair of gloves
MR       .....                  (no boots)
Stlth    +.........             (no amulet)
HPRegen  0.09/turn              (no ring)
MPRegen  0.10/turn              (no ring)

@: protection aura
A: small, carnivore
a: Renounce Religion


You were on level 3 of the Dungeon.
You worshipped Okawaru.
Okawaru was noncommittal.
You were completely stuffed.

You visited 1 branch of the dungeon, and saw 3 of its levels.

You collected 196 gold pieces.

Inventory:

Hand Weapons
 a - a +0 hand crossbow
 b - a +2 dagger of protection (weapon)
 l - a +2 trident of freezing
 p - a +4 dagger
Missiles
 d - 7 bolts
 k - 4 boomerangs (quivered)
 s - 9 curare-tipped darts
 t - 4 poisoned darts
Armour
 e - a +0 robe (worn)
 i - a +0 buckler
 m - a +0 pair of gloves (worn)
Jewellery
 g - an uncursed amulet of guardian spirit
Scrolls
 c - 2 scrolls of teleportation
 h - a scroll of magic mapping {unknown}
 j - a scroll of identify {unknown}
 o - a scroll of blinking {unknown}
Potions
 q - a potion of degeneration {unknown}
 r - a potion of curing {unknown}
Comestibles
 f - 4 rations
 n - a chunk of flesh


   Skills:
 - Level 1.1 Fighting
 + Level 4.9 Crossbows
 - Level 2.4 Dodging
 + Level 1.6 Shields
 - Level 1.1 Spellcasting
 - Level 3.0 Hexes


You had 3 spell levels left.
You knew the following spells:

 Your Spells              Type           Power        Failure   Level  Hunger
a - Corona                Hex            #......      8%          1    ##.....
b - Slow                  Hex            #.......     12%         2    ###....

Your spell library contained the following spells:

 Spells                   Type           Power        Failure   Level  Hunger
 Inner Flame              Hex/Fire       #.......     38%         3    ####...
 Portal Projectile        Hex/Tloc       #.....       38%         3    ####...
 Cause Fear               Hex            #.........   58%         4    #####..
 Leda's Liquefaction      Hex/Erth       #.........   80%         4    #####..


Dungeon Overview and Level Annotations

Branches:
Dungeon (3/15)

Altars:
Okawaru
Sif Muna

Annotations:
D:3 1 runed translucent door


Innate Abilities, Weirdness & Mutations

You are small and have problems with some larger weapons.
You are carnivorous and can eat meat at any time.


Message History

The iguana misses you.
You closely miss the iguana.
The iguana is heavily wounded.
The iguana closely misses you.
You hit the iguana.
The iguana is heavily wounded.
The iguana barely misses you.
You hit the iguana.
The iguana is severely wounded.
The iguana closely misses you.
You closely miss the iguana.
The iguana is severely wounded.
The iguana misses you.
You hit the iguana.
The iguana is severely wounded.
The iguana barely misses you.
You closely miss the iguana.
The iguana is severely wounded.
The iguana bites you!
You die...

## #### #..
..# #.# #.#
#.#####.###
#.##.@l.).#
#.##.##...#
##.##.###.##
#.....# .#
#..##.# #.
#..##.# #.
#..#..# .#
#..#..# #
#..#.##


You could see an iguana.

Vanquished Creatures
  3 adders (D:2)
  4 worms (D:2)
  2 dart slugs
  2 leopard geckos
  An orc (D:3)
  2 ball pythons
  3 giant cockroaches
  6 goblins
  5 hobgoblins
  A quokka (D:2)
  8 bats
  4 frilled lizards
  7 kobolds
  6 rats
54 creatures vanquished.

Vanquished Creatures (others)
  A sky beast (D:2)
1 creature vanquished.

Grand Total: 55 creatures vanquished

Notes
Turn   | Place    | Note
-------+----------+-------------------------------------------
     0 | D:1      | tilp the Kobold Arcane Marksman began the quest for the
                  | Orb.
     0 | D:1      | Reached XP level 1. HP: 12/12 MP: 2/2
   270 | D:1      | Reached skill level 3 in Crossbows
   286 | D:1      | Reached XP level 2. HP: 16/16 MP: 3/3
   472 | D:1      | Learned a level 2 spell: Slow
   588 | D:1      | Reached skill level 4 in Crossbows
   588 | D:1      | Reached XP level 3. HP: 19/20 MP: 4/4
  1313 | D:2      | Killed a sky beast
  1565 | D:2      | Reached skill level 1 in Shields
  1565 | D:2      | Reached XP level 4. HP: 18/25 MP: 3/5
  2148 | D:2      | Found an iron altar of Okawaru.
  2152 | D:2      | Became a worshipper of Warmaster Okawaru
  2162 | D:2      | Found a shimmering blue altar of Sif Muna.
  3092 | D:3      | Found a runed translucent door.
  3193 | D:3      | Reached XP level 5. HP: 23/29 MP: 6/6
  3212 | D:3      | Slain by an iguana

Levels and vault maps discovered:
D:1:      dpeg_arrival_prison, layout_basic
D:2:      minmay_inner_zag, layout_basic, amethyst_overflow_temple_binary,
          first_ration, moated_statue, lemuel_old_faithful
D:3:      layout_loops_cross, marbit_many_paths, ebering_ghost_reflecting_pool,
          minmay_misc_feat_square

Skill      XL: |  1  2  3 |
---------------+----------+-----
Crossbows      | 3 4 |  4.9
Shields        | 1 |  1.6
Fighting       | |  1.1
Dodging        | |  2.4
Spellcasting   | |  1.1
Hexes          | |  3.0

Action                   |  1- 3 |  4- 6 || total
-------------------------+-------+-------++-------
Melee: Club              |    24 |       ||    24
       Dagger            |    20 |   152 ||   172
 Fire: Hand crossbow     |    46 |    10 ||    56
 Cast: Corona            |     4 |     2 ||     6
  Use: Scroll            |     1 |       ||     1
       Potion            |       |     2 ||     2
  Eat: Chunk             |    10 |     6 ||    16
Armor: Robe              |    18 |    31 ||    49
       Skin              |       |     6 ||     6
Dodge: Dodged            |    70 |   106 ||   176

Table legend:
 A = Non-vault XP
 B = Vault XP
 C = Vault XP percentage of total XP
 D = Non-vault monster count
 E = Vault monster count
 F = Vault count percentage of total count
                 A         B        C        D         E       F
            +---------+---------+-------+---------+---------+-------
      Total |     129 |      11 |   7.9 |      46 |       8 |  14.8
            +---------+---------+-------+---------+---------+-------
        D:1 |      30 |       4 |  11.8 |      17 |       3 |  15.0
        D:2 |      89 |       7 |   7.3 |      24 |       5 |  17.2
        D:3 |      10 |       0 |   0.0 |       5 |       0 |   0.0
            +---------+---------+-------+---------+---------+-------
